 Dungeon Crawl Stone Soup version 0.17-a0-1069-g92ad481 (webtiles) character file.

45706 ALZ the Fighter (level 14, -9/94 HPs)
             Began as a Gargoyle Fighter on May 17, 2015.
             Was a High Priest of Okawaru.
             Mangled by an ettin
             ... wielding a +0 dire flail
              (22 damage)
             ... on level 13 of the Dungeon.
             The game lasted 01:22:03 (18059 turns).

ALZ the Fighter (Gargoyle Fighter)                 Turns: 18059, Time: 01:22:03

Health: -9/94      AC: 38    Str: 25    XL:     14   Next: 34%
Magic:  14/14      EV:  7    Int: 11    God:    Okawaru [*****.]
Gold:   851        SH: 15    Dex:  9    Spells: 0 memorised, 13 levels left

rFire  + . .     SeeInvis .     e - +3 scimitar (flame)
rCold  . . .     Clarity  .     I - +2 plate armour {rF+}
rNeg   + + .     SustAb   .     c - +2 shield
rPois  ∞         Gourm    .     h - +2 helmet
rElec  +         Spirit   .     l - +2 cloak {rPois}
rCorr  .         Warding  +     B - +0 pair of gloves {archery}
rMut   .         Stasis   .     r - +1 pair of boots
MR     ++...                    u - amulet of warding
Stlth  ..........               t - +2 ring of strength
                                s - ring "Seyhog" {MR+ Stlth+}

@: very resistant to hostile enchantments, extremely unstealthy
A: big wings, negative energy resistance 1, electricity resistance, unbreathing,
petrification resistance, rot immunity, AC +9
a: Fly, Heroism, Finesse, Renounce Religion


You were on level 13 of the Dungeon.
You worshipped Okawaru.
Okawaru was extremely pleased with you.
You were not hungry.

You visited 1 branch of the dungeon, and saw 13 of its levels.
You also visited: Ice Cave.

You collected 851 gold pieces.

Inventory:

Hand weapons
 e - a +3 scimitar of flaming (weapon)
Armour
 c - a +2 shield (worn)
 h - a +2 helmet (worn)
 l - a +2 cloak of poison resistance (worn)
 r - a +1 pair of boots (worn)
 B - a +0 pair of gloves of archery (worn)
 I - a +2 plate armour of fire resistance (worn)
Jewellery
 i - an uncursed amulet of faith
 j - an uncursed amulet of regeneration
 m - an uncursed amulet of stasis
 s - the ring "Seyhog" (left hand) {MR+ Stlth+}
   (You found it on level 6 of the Dungeon)

   [ring of stealth]

   It affects your resistance to hostile enchantments.
   It makes you more stealthy.
 t - a +2 ring of strength (right hand)
 u - an amulet of warding (around neck)
 D - an uncursed ring of ice
 H - an uncursed amulet of rage
Magical devices
 a - a wand of digging (6)
 g - a wand of digging (11)
 k - a wand of cold (4)
 w - a wand of hasting (0)
 x - a wand of slowing (42)
 E - a wand of digging (15)
 F - a wand of cold (6)
Scrolls
 b - a scroll of recharging
 d - 4 scrolls of identify
 n - 2 scrolls of teleportation
 p - 2 scrolls of enchant weapon
 y - 3 scrolls of remove curse
 C - a scroll of fog
 G - a scroll of amnesia
 J - a scroll of holy word
Potions
 v - a potion of curing
 L - a potion of magic {unknown}
Miscellaneous
 K - a lamp of fire
Comestibles
 f - 11 fruits
 o - 14 royal jellies
 q - a slice of pizza
 z - 3 bread rations
 A - 2 meat rations


   Skills:
 + Level 13.1 Fighting
 + Level 12.6 Long Blades
 + Level 13.0 Armour
 + Level 13.1 Shields


You had 13 spell levels left.
You didn't know any spells.

Dungeon Overview and Level Annotations

Branches:
Dungeon (13/15)              Lair (0/8) D:10            Orc (0/4) D:9
 Temple: D:4-7       Vaults: D:13-14

Altars:
Cheibriados
Dithmenos
Elyvilon
Kikubaaqudgha
Makhleb
Nemelex Xobeh
Okawaru
Qazlal
Ru
Trog
Vehumet
Xom
Yredelemnul
Zin
The Shining One

Shops:
D:5 }

Portals:
Trove: D:11 (give wand of hasting (8))

Annotations:
D:12 exclusion: 4 oklob plants


Innate Abilities, Weirdness & Mutations

You are resistant to torment.
Your stone body is resilient (AC +9).
You are immune to poison.
Your large and strong wings let you fly indefinitely.
You resist negative energy.
You are resistant to electric shocks.
You can survive without breathing.
You are immune to petrification.
You are immune to rotting.


Message History

The deep elf annihilator is severely wounded.
The ettin barely misses you. The ettin hits you but does no damage.
The deep elf annihilator barely misses you.
You closely miss the deep elf annihilator.
The deep elf annihilator is severely wounded.
You block the ettin's attack. x2
You slash the deep elf annihilator! You burn the deep elf annihilator.
The deep elf annihilator is almost dead.
The deep elf annihilator casts a spell at you.
The crystal spear hits you!
You slash the deep elf annihilator! You burn the deep elf annihilator.
You kill the deep elf annihilator!
Okawaru is honoured by your kill.
Your Armour skill increases to level 13!
The ettin hits you with a dire flail!!
* * * LOW HITPOINT WARNING * * *
The ettin barely misses you.
Drink which item? (? for menu, Esc to quit)
You feel better. The ettin hits you with a dire flail!!
You die...

##.########.## ####......
##.##......##.## ##..###.#.#
##†##(######.##.####....##.#..
##.##.##.)..##.##.##......'.###
#.##.##(####.##.##.#......'....
#.#.##(##. ##.##.#)#.....######
#.#.#(##.e ##.#)#.#.#..###....
#.#.#.#..Q #)#.#.#(#### #....
#)#.#.#... #@#.#.#.# #....
#.#.#.##.. ##C#.#.#.# ###....
#(#.##.##. ##.##.#.#.# #......
#(##.##.#*##.##.##.#.# #......
##(##.#)##).##.##.##.# #......
##.#.##.####.##.##.## #......
#.##.##....###†##.## #...†..
##.##)#########.##.## #......
##.##...()...##.##.# #......


You could see an ettin.

Vanquished Creatures
  A deep elf annihilator (D:13)
  Snorg (D:12)
  Erolcha (D:10)
  3 hydras
  Erica (D:11)
  7 centaur warriors
  A tengu warrior (D:13)
  A death yak (IceCv)
  An unseen horror (D:13)
  The ghost of HEYYEYAAE the Ducker, an experienced OpFi of Makhleb (D:7)
  A deep elf summoner (D:11)
  6 hill giants
  A phantasmal warrior (D:13)
  A wizard (D:13)
  A wolf spider (D:12)
  2 cyclopes
  4 ugly things
  A hornet (D:13)
  A redback zombie (D:13)
  A komodo dragon (D:12)
  3 kobold demonologists
  A queen bee (D:12)
  7 trolls
  2 two-headed ogres
  14 polar bears (IceCv)
  A slime creature (D:12)
  A blink frog (D:10)
  A trapdoor spider zombie (D:9)
  2 shadows
  A trapdoor spider (D:12)
  A deep elf mage (D:12)
  A wyvern (D:13)
  26 yaks
  A steam dragon (D:9)
  2 hungry ghosts
  4 vampire mosquitoes (D:12)
  11 wolves (IceCv)
  A hippogriff (shapeshifter) (D:13)
  5 hippogriffs
  A water moccasin (D:8)
  A mottled dragon (D:13)
  2 soldier ants
  6 orc warriors
  A necrophage (D:13)
  2 wasps (D:12)
  2 black bears
  An eye of draining (D:13)
  An ice beast (D:7)
  9 ogres
  4 sky beasts
  A phantom (D:6)
  10 centaurs
  A crocodile (D:9)
  12 giant frogs
  5 big kobolds
  4 scorpions
  The ghost of VikTorMgn the Skirmisher, a weakling MiFi (D:3)
  19 wights
  47 killer bees
  A quasit (D:13)
  10 jellies
  7 orc priests
  5 giant frog zombies
  9 crimson imps
  7 hounds
  9 orc wizards
  3 centaur skeletons
  4 iguanas
  9 worker ants
  A giant frog skeleton (D:5)
  Terence (D:2)
  Natasha (D:3)
  2 killer bee zombies
  2 hound skeletons
  Robin (D:3)
  16 adders
  12 gnolls
  4 shadow imps
  8 oozes
  3 adder zombies
  5 worms
  2 giant geckos (D:8)
  47 orcs
  A bat skeleton (D:5)
  6 giant cockroaches
  17 goblins
  12 hobgoblins
  5 quokkas
  18 bats
  A giant gecko skeleton (D:8)
  6 giant newts
  9 jackals
  A jackal skeleton (D:3)
  45 kobolds
  A quokka skeleton (D:9)
  25 rats
568 creatures vanquished.

Vanquished Creatures (others)
  A tengu reaver (D:13)
  An unseen horror (D:13)
  A polar bear (IceCv)
  4 yaks (IceCv)
  5 wolves (IceCv)
  An orc wizard (D:8)
  3 kobolds (D:7)
16 creatures vanquished.

Grand Total: 584 creatures vanquished

Notes
Turn   | Place    | Note
--------------------------------------------------------------
     0 | D:1      | ALZ the Gargoyle Fighter began the quest for the Orb.
     0 | D:1      | Reached XP level 1. HP: 14/14 MP: 1/1
   113 | D:1      | Reached XP level 2. HP: 19/19 MP: 2/2
   438 | D:1      | Reached XP level 3. HP: 23/23 MP: 3/3
  1075 | D:2      | Noticed Terence
  1081 | D:2      | Killed Terence
  1081 | D:2      | Reached XP level 4. HP: 28/28 MP: 4/4
  1272 | D:2      | Found a stormy altar of Qazlal.
  1495 | D:2      | Reached skill level 4 in Long Blades
  1872 | D:3      | Reached XP level 5. HP: 30/32 MP: 5/5
  2026 | D:3      | Noticed VikTorMgn's ghost (weakling MiFi)
  2038 | D:3      | Killed VikTorMgn's ghost
  2038 | D:3      | Reached skill level 5 in Long Blades
  2113 | D:3      | Gained mutation: You are weak. (Str -2) [potion of mutation]
  2113 | D:3      | Gained mutation: You are frail (-10% HP). [potion of mutation]
  2113 | D:3      | Lost mutation: You are frail (-10% HP). [potion of mutation]
  2119 | D:3      | Noticed Robin
  2147 | D:3      | Killed Robin
  2206 | D:3      | Reached XP level 6. HP: 31/37 MP: 6/6
  2514 | D:3      | Noticed Natasha
  2518 | D:3      | Killed Natasha
  2768 | D:3      | Reached skill level 6 in Long Blades
  3315 | D:4      | Reached XP level 7. HP: 41/41 MP: 7/7
  3894 | D:4      | Reached skill level 7 in Long Blades
  4050 | D:5      | Entered Level 5 of the Dungeon
  4073 | D:5      | Identified the Volume of Evil
  4094 | D:5      | Reached XP level 8. HP: 42/48 MP: 8/8
  4189 | D:5      | Found a basalt altar of Yredelemnul.
  4359 | D:5      | Found Nyden's Gadget Shoppe.
  4419 | D:5      | Found a snail-covered altar of Cheibriados.
  4818 | D:6      | Found a glowing silver altar of Zin.
  4819 | D:6      | Found a white marble altar of Elyvilon.
  4820 | D:6      | Found a glowing golden altar of the Shining One.
  4844 | D:6      | Reached skill level 5 in Fighting
  4846 | D:6      | Reached skill level 5 in Shields
  4853 | D:6      | Got a scorched lapis lazuli ring
  4854 | D:6      | Identified the ring "Seyhog" {MR+ Stlth+} (You found it on level 6 of the Dungeon)
  5062 | D:6      | Reached skill level 5 in Armour
  5516 | D:6      | Reached XP level 9. HP: 52/55 MP: 9/9
  5810 | D:7      | Found a bloodstained altar of Trog.
  5826 | D:7      | Found an ancient bone altar of Kikubaaqudgha.
  5828 | D:7      | Found a sparkling altar of Nemelex Xobeh.
  5876 | D:7      | Found a radiant altar of Vehumet.
  5877 | D:7      | Found a shimmering altar of Xom.
  5905 | D:7      | Noticed HEYYEYAAE's ghost (experienced OpFi)
  5944 | D:7      | Killed HEYYEYAAE's ghost
  5944 | D:7      | Reached skill level 8 in Long Blades
  7050 | D:8      | Found a basalt altar of Yredelemnul.
  7260 | D:8      | Reached XP level 10. HP: 56/63 MP: 10/10
  7776 | D:8      | Got a steaming scale mail
  7777 | D:8      | Identified the +1 scale mail of the Sun {rN+ Int+2} (You found it on level 8 of the Dungeon)
  7964 | D:8      | Reached skill level 9 in Long Blades
  8533 | D:9      | Found a sacrificial altar of Ru.
  8557 | D:9      | Found an iron altar of Okawaru.
  8557 | D:9      | Found a shadowy altar of Dithmenos.
  8593 | D:9      | Became a worshipper of Warmaster Okawaru
  8749 | D:9      | Found a staircase to the Orcish Mines.
  9376 | D:9      | Acquired Okawaru's first power
  9808 | D:10     | Entered Level 10 of the Dungeon
  9854 | D:9      | Reached XP level 11. HP: 66/69 MP: 9/11
 10353 | D:10     | Found a staircase to the Lair.
 10579 | D:10     | Reached skill level 10 in Long Blades
 10595 | D:10     | Noticed Erolcha
 10627 | D:10     | Killed Erolcha
 10969 | D:11     | Found a portal to a secret trove of treasure.
 11061 | D:11     | Found a frozen archway.
 11118 | IceCv    | Entered an ice cave
 11257 | IceCv    | Noticed an ice statue
 11378 | IceCv    | Reached skill level 10 in Shields
 11396 | IceCv    | Reached skill level 10 in Fighting
 11396 | IceCv    | Reached skill level 10 in Armour
 11867 | IceCv    | Reached XP level 12. HP: 77/77 MP: 12/12
 12047 | IceCv    | Noticed a death yak
 12065 | IceCv    | Killed a death yak
 12069 | IceCv    | Acquired Okawaru's second power
 12080 | IceCv    | Received a gift from Okawaru
 12144 | IceCv    | Noticed a frost giant
 12504 | D:11     | Noticed Erica
 12516 | D:11     | Killed Erica
 12516 | D:11     | Reached skill level 11 in Long Blades
 12719 | D:11     | Found a burning altar of Makhleb.
 13382 | D:11     | Noticed a deep elf summoner
 13410 | D:11     | Killed a deep elf summoner
 13559 | D:12     | Lost mutation: You are weak. (Str -2) [potion of cure mutation]
 13708 | D:12     | Noticed a centaur warrior
 13715 | D:12     | Killed a centaur warrior
 13738 | D:12     | Received a gift from Okawaru
 13774 | D:12     | Noticed Snorg
 13853 | D:12     | Reached XP level 13. HP: 43/84 MP: 13/13
 14143 | D:12     | Killed Snorg
 14403 | D:12     | Noticed a seven-headed hydra
 14408 | D:12     | Noticed a centaur warrior
 14762 | D:12     | Killed a centaur warrior
 14780 | D:12     | Killed a one-headed hydra
 14780 | D:12     | Reached skill level 12 in Shields
 16797 | D:13     | Received a gift from Okawaru
 17355 | D:13     | Gained mutation: Your large and strong wings let you fly indefinitely. [Gargoyle growth]
 17355 | D:13     | Reached XP level 14. HP: 37/92 MP: 14/14
 17686 | D:13     | Reached skill level 13 in Fighting
 17794 | D:13     | Noticed a tengu reaver
 17795 | D:13     | Noticed a deep elf annihilator
 17819 | D:13     | Killed a tengu reaver
 18041 | D:13     | Noticed an ettin
 18058 | D:13     | Killed a deep elf annihilator
 18059 | D:13     | Mangled by an ettin

Vault maps used:
D:1:      dpeg_arrival_line_fractal
D:2:      grunt_qazlal_clouds, kennysheep_minor_cross, uniq_terence
D:3:      uniq_natasha, uniq_robin
D:4:      black_bear_nest_2
D:5:      cheibriados_altar_wand_db, basic_altar, first_bread, serial_shops,
          nicolae_shop_crystal
D:6:      good_gods_temple_1, minmay_temple_entry_from_below_a
D:7:      kennysheep_kobold_camp, nicolae_overflow_hidden_temple
D:8:      basic_altar, hangedman_little_slice_of_home
D:9:      grunt_temple_overflow_open, david_orc_2, enter_bailey_3,
          minmay_misc_feat_tiny
D:10:     dpeg_lair_monsters, uniq_erolcha
D:11:     portal_ice_cave_entry_pillars_01, enter_trove_1, basic_altar,
          grunt_ministairs_15, minmay_librarian, uniq_erica
D:12:     hangedman_what_comes_after_a, uniq_snorg
D:13:     kennysheep_snake
IceCv:    ice_cave_caverns_02

Action                   |  1- 3 |  4- 6 |  7- 9 | 10-12 | 13-15 || total
-------------------------+-------+-------+-------+-------+-------++-------
Melee: Long sword        |    88 |   314 |   681 |   466 |       ||  1549
       Falchion          |       |       |       |   348 |       ||   348
       Scimitar          |       |       |       |   655 |   730 ||  1385
Invok: Heroism           |       |       |       |    11 |     3 ||    14
Evoke: Wand              |       |       |       |    12 |     3 ||    15
  Use: Scroll            |     9 |     5 |     8 |    21 |     5 ||    48
       Potion            |     2 |     5 |     5 |     9 |     2 ||    23
 Stab: Invisible         |       |       |     7 |       |       ||     7
       Fleeing           |       |       |       |     2 |       ||     2
  Eat: Bread ration      |     1 |       |     1 |     1 |     2 ||     5
       Chunk             |       |     4 |     6 |    18 |     3 ||    31
       Meat ration       |       |       |     1 |       |       ||     1
       Pizza             |       |       |       |     1 |       ||     1
       Beef jerky        |       |       |       |     1 |       ||     1
       Fruit             |       |       |       |       |     4 ||     4
